 Dungeon Crawl Stone Soup version 0.30-a0-1018-g25214051b3 (webtiles) character file.

Game seed: 11456905186895190889

3235 greenreed the Fighter (level 9, -5/85 HPs)
             Began as a Minotaur Fighter on Apr 7, 2023.
             Was a Follower of Nemelex Xobeh.
             Slain by a death yak (20 damage)
             ... on level 7 of the Dungeon.
             The game lasted 00:12:55 (7305 turns).

greenreed the Fighter (Minotaur Fighter)            Turns: 7305, Time: 00:12:56

Health: -5/85      AC: 16    Str: 24    XL:     9   Next: 66%
Magic:  8/8        EV:  6    Int:  5    God:    Nemelex Xobeh [*.....]
Gold:   614        SH:  5    Dex: 11    Spells: 8/8 levels left

rFire   . . .      SeeInvis .    a - +0 war axe
rCold   . . .      Faith    .    c - +0 buckler
rNeg    . . .      Spirit   .    h - +0 plate armour
rPois   +          Reflect  .    (helmet restricted)
rElec   .          Rampage  .    (no cloak)
rCorr   .                        C - +0 pair of gloves
Will    .....                    D - +0 pair of boots Stlth
                                 (no amulet)
HPRegen 0.34/turn                v - ring of poison resistance
MPRegen 0.11/turn                (no ring)

@: no status effects
A: horns 2, retaliatory headbutt
a: Renounce Religion, Draw Escape, Draw Destruction, Draw Summoning


You were on level 7 of the Dungeon.
You worshipped Nemelex Xobeh.
Nemelex Xobeh was aware of your devotion.
You visited 2 branches of the dungeon, and saw 9 of its levels.
You also visited: Sewer.

You collected 614 gold pieces.

Inventory:

Hand Weapons
 a - a +0 war axe (weapon)
Missiles
 E - 5 boomerangs
 F - a throwing net
 G - 6 javelins
Armour
 c - a +0 buckler (worn)
 h - a +0 plate armour (worn)
 C - a +0 pair of gloves (worn)
 D - a +0 pair of boots (worn)
Jewellery
 d - a ring of fire
 k - a ring of fire
 o - a +6 ring of dexterity
 v - a ring of poison resistance (left hand)
Wands
 q - a wand of polymorph (15)
 z - a wand of charming (7)
Scrolls
 b - 5 scrolls of identify {unknown}
 e - 3 scrolls of fog {unknown}
 g - 2 scrolls of teleportation {unknown}
 i - a scroll of acquirement {unknown}
 j - a scroll of enchant weapon {unknown}
 l - 3 scrolls of magic mapping {unknown}
 m - 3 scrolls of blinking
 p - 2 scrolls of butterflies {unknown}
 r - a scroll of poison {unknown}
 s - a scroll of immolation {unknown}
 u - a scroll of amnesia {unknown}
 B - a scroll of fear {unknown}
Potions
 f - 2 potions of attraction {unknown}
 n - 2 potions of curing {unknown}
 t - 2 potions of mutation {unknown}
 w - a potion of degeneration {unknown}
 x - 2 potions of heal wounds {unknown}
 A - a potion of resistance


   Skills:
 * Level 10.1 Fighting
 * Level 9.7 Axes
 + Level 7.6 Armour
 + Level 7.6 Shields
 + Level 0.2 Invocations


You had 8 spell levels left.
You didn't know any spells.
Your spell library contained the following spells:

 Spells                   Type           Power      Damage    Failure   Level
 Sublimation of Blood     Necr           0%         N/A       100%        2
 Frozen Ramparts          Ice            0%         1d1       100%        3
 Cause Fear               Hex            0%         N/A       100%        4
 Ice Form                 Ice/Tmut       0%         N/A       100%        4
 Petrify                  Tmut/Erth      0%         N/A       100%        4
 Summon Ice Beast         Ice/Summ       0%         N/A       100%        4
 Irradiate                Conj/Tmut      0%         3d11      100%        5
 Dragon Form              Tmut           0%         N/A       100%        7
 Dragon's Call            Summ           0%         N/A       100%        9


Dungeon Overview and Level Annotations

Branches:
Dungeon (8/15)             Temple (1/1) D:6           Sewer (visited)
   Lair: D:8-11

Altars:
Ashenzari
Dithmenos
Fedhas
Gozag
Hepliaklqana
Kikubaaqudgha
Nemelex Xobeh
Okawaru
Ru
Sif Muna
Wu Jian
Xom
Yredelemnul
Zin
The Shining One

Annotations:
D:5 3 runed translucent doors, DiggyJ's ghost, amateur TrBe; Nabski's ghost, novice TeFE; riusaldregan's ghost, novice MiHu
D:7 1 runed translucent door


Innate Abilities, Weirdness & Mutations

You have a pair of horns on your head.
You reflexively headbutt those who attack you in melee.


Message History

The roots erupt in riotous growth!
Roots grab the death yak.
The grasping roots constrict the death yak.
The death yak gores you!
* * * LOW HITPOINT WARNING * * *
Unknown command.
Unknown command.
The grasping roots constrict the death yak!
The roots release their grip on the death yak.
Aiming: Fastroot
Press: ? - help, Q - select action, (/) - cycle Shift-Dir - straight line The roots erupt in riotous growth!
Roots grab the death yak.
The grasping roots constrict the death yak.
The death yak closely misses you. You furiously retaliate!
You headbutt the death yak.
The grasping roots constrict the death yak.
The roots release their grip on the death yak.
Aiming: Fastroot
Press: ? - help, Q - select action, (/) - cycle Shift-Dir - straight line The roots erupt in riotous growth!
Roots grab the death yak.
The grasping roots constrict the death yak.
The death yak gores you.
* * * LOW HITPOINT WARNING * * *
You hit the death yak.
The death yak is almost dead.
The grasping roots constrict the death yak.
The roots release their grip on the death yak.
The death yak gores you.
* * * LOW HITPOINT WARNING * * *
Aiming: Fastroot
Press: ? - help, Q - select action, (/) - cycle Shift-Dir - straight line The roots erupt in riotous growth!
Roots grab the death yak.
The now-empty wand crumbles to dust.
The grasping roots constrict the death yak.
The death yak gores you!!
You die...
Your body disappears without a glow.

#...............## #.# #...
#................## #.## #...
#.................#### #..###...
#....................####..##....
..............###........#.##....
##......####### ###..............
######## ####...........
#############...##...#
#####..>Y@.>..#####.######
####..............####.# ###
#..........[.......##..##
..####.....................<##
#..####..................##..#
##...##......(...........###.## #
###..##........(().......###.###
###...........)........# #..#.
##..........(........####...


You could see a death yak (rooted).

Vanquished Creatures
  The ghost of Loveship the Insei, an amateur DsTm (D:4)
  4 yaks (D:6)
  A steam dragon (D:7)
  A water moccasin (D:7)
  A sky beast (D:7)
  A black bear (D:8)
  2 ogres
  A centaur (D:8)
  A phantom (D:4)
  A kobold brigand (D:7)
  2 bullfrogs (Sewer)
  A gnoll sergeant (D:7)
  2 scorpions
  9 wights (D:7)
  A howler monkey (D:7)
  A hound (D:5)
  4 jellies
  4 orc priests
  A gnoll bouda (D:7)
  A sleepcap (D:5)
  4 iguanas
  2 orc wizards
  14 adders
  14 gnolls
  A river rat (D:3)
  2 white imps (D:5)
  An ufetubus (D:4)
  3 worms
  2 dart slugs (D:3)
  18 orcs
  15 ball pythons
  14 endoplasms
  16 giant cockroaches
  6 goblins
  2 hobgoblins
  4 jackals (D:1)
  10 kobolds
  3 quokkas (Sewer)
  8 bats
  9 frilled lizards
  4 rats
192 creatures vanquished.

Notes
Turn   | Place    | Note
-------+----------+-------------------------------------------
     0 | D:1      | greenreed the Minotaur Fighter began the quest for the Orb.
     0 | D:1      | Reached XP level 1. HP: 19/19 MP: 0/0
     6 | D:1      | Noticed a polar bear
     7 | D:1      | Noticed a water moccasin
     7 | D:1      | Noticed a rime drake
    83 | D:1      | Reached XP level 2. HP: 15/27 MP: 1/1
   374 | D:1      | Reached skill level 4 in Fighting
   544 | D:1      | Reached XP level 3. HP: 33/33 MP: 2/2
  1434 | D:3      | Found a transporter.
  1445 | D:3      | Found a transporter.
  1594 | D:3      | Reached XP level 4. HP: 41/41 MP: 3/3
  1707 | D:3      | Found a glowing drain.
  1721 | Sewer    | Entered a sewer
  1786 | Sewer    | Reached XP level 5. HP: 47/47 MP: 4/4
  1796 | Sewer    | Reached skill level 5 in Fighting
  2027 | Sewer    | Reached XP level 6. HP: 43/56 MP: 5/5
  2365 | D:3      | Found a shimmering blue altar of Sif Muna.
  2706 | D:4      | Reached skill level 6 in Fighting
  2706 | D:4      | Reached skill level 5 in Axes
  2706 | D:4      | Reached skill level 5 in Armour
  2706 | D:4      | Reached skill level 5 in Shields
  2766 | D:4      | Reached XP level 7. HP: 50/63 MP: 6/6
  3259 | D:4      | Found a runed translucent door.
  3264 | D:4      | Noticed Loveship's ghost (amateur DsTm)
  3278 | D:4      | Killed Loveship's ghost
  3279 | D:4      | Reached skill level 7 in Fighting
  3572 | D:5      | Entered Level 5 of the Dungeon
  3593 | D:5      | Found an ancient bone altar of Kikubaaqudgha.
  3718 | D:5      | Found a runed translucent gate.
  3720 | D:5      | Found a runed translucent gate.
  3721 | D:5      | Found a runed translucent gate.
  3721 | D:5      | Noticed riusaldregan's ghost (novice MiHu)
  3721 | D:5      | Noticed Nabski's ghost (novice TeFE)
  3721 | D:5      | Noticed DiggyJ's ghost (amateur TrBe)
  3792 | D:5      | Reached XP level 8. HP: 65/73 MP: 7/7
  4740 | D:6      | Found a staircase to the Ecumenical Temple.
  4756 | D:6      | Reached skill level 8 in Fighting
  4770 | D:6      | HP: 3/75 [yak (8)]
  4789 | Temple   | Entered the Ecumenical Temple
  5022 | Temple   | Became a worshipper of Nemelex Xobeh the Trickster
  5160 | D:6      | Found an ancient bone altar of Kikubaaqudgha.
  5163 | D:6      | Found a shimmering altar of Xom.
  5163 | D:6      | Found a shimmering altar of Xom.
  5165 | D:6      | Found a shimmering altar of Xom.
  5165 | D:6      | Found a shimmering altar of Xom.
  5165 | D:6      | Found a glowing silver altar of Zin.
  5702 | D:6      | Reached XP level 9. HP: 79/82 MP: 8/8
  5915 | D:7      | Reached skill level 9 in Fighting
  6672 | D:7      | Reached skill level 10 in Fighting
  6757 | D:7      | Found a runed translucent door.
  6759 | D:7      | Noticed a sixfirhy
  7172 | D:8      | Noticed a death yak
  7172 | D:8      | Reached * piety under Nemelex Xobeh
  7176 | D:8      | Noticed a death yak
  7179 | D:8      | Noticed a death yak
  7214 | D:8      | Received a gift from Nemelex Xobeh
  7305 | D:7      | Slain by a death yak

Illustrated notes

Levels and vault maps discovered:
D:1:      onia_arrival_zoo_common, layout_basic, minivault_4
D:2:      layout_basic, serial_park_tiny_pond
D:3:      gammafunk_wand_slinger, layout_basic,
          mainiacjoe_overflow_surrounded_room, gup_sewer_entry_bubbles
D:4:      layout_loops_cross, ebering_ghost_reflecting_pool, feat_on_display
D:5:      layout_basic, kiku_gazebo_pond_becter, gammafunk_ghost_cemetery
D:6:      layout_loops_ring, doesnt_xom_only_xom,
          minmay_temple_entry_stoned_glass
D:7:      cheibrodos_shockbox, layout_cave_pods
D:8:      layout_basic, dpeg_lair_monsters, hangedman_abyss_or_decor_stagger,
          uniq_prince_ribbit1
Temple:   hellmonk_temple_two_chambers

Skill      XL: |  1  2  3  4  5  6  7  8  9 |
---------------+----------------------------+-----
Fighting       | 4 5 6 7 8 10 | 10.1
Armour         | 4 5 6 7 |  7.6
Shields        | 4 5 6 7 |  7.6
Axes           | 3 4 5 6 8 9 |  9.7
Invocations    | |  0.2

Action                     |  1- 3 |  4- 6 |  7- 9 || total
---------------------------+-------+-------+-------++-------
  Melee: War axe           |    75 |   163 |   273 ||   511
         Headbutt          |     9 |    15 |    53 ||    77
  Throw: Boomerang         |       |       |    19 ||    19
         Throwing net      |       |       |     1 ||     1
  Evoke: Wand              |       |       |     4 ||     4
    Use: Potion            |       |       |     1 ||     1
 Armour: Scale mail        |    12 |       |       ||    12
         Plate armour      |    38 |   127 |   162 ||   327
  Dodge: Dodged            |    32 |    42 |    69 ||   143
  Block: Buckler           |    13 |    43 |    55 ||   111

Table legend: (Time is in decaauts)
 A = Elapsed time spent in this place.
 B = Non-inter-level travel time spent in this place.
 C = Inter-level travel time spent in this place.
 D = Time resting spent in this place.
 E = Time spent auto-exploring this place.
 F = Levels seen in this place.
 G = Mean time per level.
                   A        B        C        D        E       F      G
               +--------+--------+--------+--------+--------+-----+--------+
         Total |   7532 |   7015 |    517 |    138 |   5486 |  10 |  753.2 |
       Dungeon |   6810 |   6304 |    506 |    138 |   5038 |   8 |  851.2 |
        Temple |    239 |    228 |     11 |      0 |    224 |   1 |  239.0 |
         Sewer |    482 |    482 |      0 |      0 |    224 |   1 |  482.0 |
               +--------+--------+--------+--------+--------+-----+--------+

Top non-repeatable levels by time:
     D:7: 1377 daAuts
     D:6: 1088 daAuts
     D:5: 948 daAuts
     D:1: 944 daAuts
     D:4: 939 daAuts
     D:3: 905 daAuts
     D:2: 494 daAuts
   Sewer: 482 daAuts
  Temple: 239 daAuts
     D:8: 111 daAuts
